Map: Rifts to Korhal

Players

Sindyr

  • Race: Zerg Zerg
  • League: Master
  • Spawn Location: 7:00

Siliatra

  • Race: Protoss Protoss
  • Spawn Location: 7:00

VOD

Have the link to the VOD?

Description

Time

  • Played on: Sept. 18, 2025, 4:33 p.m.
  • Length: 27:49
Show
View Real Time Build Order
Export as new Build Order

Sindyr Zerg 

Build Orders:  

Get SALT Encoding   

  12  0:06  Drone  
  13  0:18  Overlord  
  13  0:40  Drone  
  13  0:43  Drone x2  
  13  0:44  Drone  
  13  0:47  Drone  
  18  0:53  Extractor  
  17  1:19  Drone  
  18  1:20  Drone x3  
  18  1:21  Extractor  
  20  1:35  Queen  
  20  1:40  Drone, Roach Warren  
  22  2:05  Overlord  
  22  2:42  Roach x4  
  30  2:53  Overlord  
  30  3:23  Drone x2  
  30  3:24  Drone x4  
  36  4:10  Drone  
  36  4:11  Drone  
  36  4:15  Lair  
  38  4:20  Evolution Chamber  
  38  4:21  Evolution Chamber  
  38  4:23  Overlord x2  
  36  5:01  Hatchery  
  35  5:49  Roach x5  
  45  5:56  Bio-Mechanical Transfusion  
  45  6:04  Incubation Chamber  
  45  6:33  Overlord x2  
  45  6:34  Overlord  
  45  6:53  Drone x4  
  45  6:54  Drone  
  50  7:06  Zerg Ground Armor Level 1  
  50  7:17  Zerg Missile Weapons Level 1  
  50  7:46  Glial Reconstitution  
  50  8:11  Queen  
  50  8:17  Drone  
  50  8:18  Drone x5  
  50  8:19  Drone x3  
  59  8:20  Drone  
  60  8:38  Drone x2  
  64  8:40  Drone  
  65  8:55  Queen x2  
  65  8:57  Spine Crawler  
  64  9:06  Spine Crawler  
  67  9:33  Infestation Pit  
  67  9:36  Tunneling Claws  
  67  9:38  Spire  
  65  10:06  Queen  
  65  10:07  Queen  
  65  10:28  Drone x2  
  65  10:29  Drone x5  
  76  10:52  Extractor  
  76  10:55  Extractor  
  74  11:11  Overlord x3  
  74  11:19  Rapid Regeneration  
  74  11:26  Hydriodic Bile  
  74  11:36  Queen x3  
  74  11:38  Queen  
  82  12:06  Queen x2  
  82  12:19  Vicious Glave  
  82  12:28  Zerg Missile Weapons Level 2  
  86  12:55  Mutalisk x2  
  90  13:09  Zerg Ground Armor Level 2  
  90  13:35  Mutalisk  
  90  13:36  Mutalisk  
  94  13:49  Zerg Flyer Weapons Level 1  
  94  14:21  Queen x2  
  94  14:22  Roach  
  94  14:38  Hive  
  94  14:44  Brutalisk  
  94  14:47  Mutalisk  
  100  15:08  Queen  
  82  15:30  Mutalisk x4  
  82  15:32  Mutalisk  
  78  16:16  Overseer  
  78  16:17  Overseer x3  
  78  16:29  Zerg Flyer Armor Level 1  
  78  17:20  Unknown  
  76  17:34  Mutalisk  
  76  17:48  Queen x2  
  76  17:49  Queen x2  
  72  18:02  Leviathan  
  74  18:13  Mutalisk x6  
  74  18:18  Queen  
  82  18:37  Roach x5  
  82  18:38  Roach x3, Mutalisk  
  100  18:43  Overlord x2  
  100  18:44  Overlord x2  
  100  18:48  Queen x3  
  100  18:59  Brutalisk  
  106  19:32  Mutalisk  
  106  19:33  Mutalisk x4  
  106  19:38  Roach x8  
  132  19:42  Overlord x3  
  132  20:07  Mutalisk  
  132  20:08  Mutalisk  
  136  21:03  Brutalisk x2  
  134  21:32  Queen  
  134  21:33  Queen x3  
  134  21:37  Zerg Flyer Weapons Level 2  
  127  21:56  Roach x4  
  141  22:02  Queen x2  
  141  22:46  Spire  
  141  22:47  Drone x9  
  149  24:25  Mutalisk x3  
  139  24:57  Queen  
  139  24:59  Mutalisk  
  135  25:03  Mutalisk  
  135  25:04  Mutalisk x3  
  135  25:07  Roach x3  
  137  25:27  Leviathan  
  129  25:42  Brutalisk  
  129  25:46  Mutalisk  
  129  26:03  Roach  
  129  26:14  Leviathan  
  129  26:25  Brutalisk  
Show
View Real Time Build Order
Export as new Build Order

Siliatra Protoss 

Build Orders:  

Get SALT Encoding   

  12  0:03  Probe (Chrono Boost)  
  13  0:15  Probe (Chrono Boost)  
  14  0:24  Dark Pylon  
  14  0:27  Probe (Chrono Boost)  
  14  0:29  Assimilator  
  15  0:39  Assimilator  
  15  0:43  Probe (Chrono Boost)  
  16  0:55  Probe (Chrono Boost)  
  17  1:06  Probe (Chrono Boost)  
  18  1:11  Gateway  
  18  1:18  Probe (Chrono Boost)  
  20  1:30  Probe (Chrono Boost)  
  20  1:42  Probe (Chrono Boost)  
  21  1:54  Probe (Chrono Boost)  
  22  2:18  Cybernetics Core  
  22  2:21  Pylon  
  22  2:28  Pylon  
  22  2:30  Pylon  
  22  2:40  Pylon  
  22  2:43  Pylon  
  22  3:57  Warp Gate  
  22  4:09  Nexus  
  22  4:10  Pylon  
  22  4:13  Pylon  
  22  4:17  Assimilator  
  22  4:19  Twilight Council  
  22  4:20  Gateway  
  22  4:23  Assimilator  
  22  4:42  Dark Pylon  
  23  4:53  Probe (Chrono Boost)  
  24  5:10  Probe (Chrono Boost)  
  24  5:27  Probe (Chrono Boost)  
  24  5:29  Gateway  
  25  5:33  Gateway  
  25  5:36  Gateway, Dark Shrine  
  25  5:54  Probe (Chrono Boost)  
  25  5:59  Probe (Chrono Boost)  
  27  6:06  Probe (Chrono Boost)  
  28  6:16  Probe (Chrono Boost)  
  29  6:36  Dark Pylon  
  29  6:53  Dark Templar x3  
  29  6:54  Dark Templar  
  37  7:02  Gateway  
  37  7:11  Shadow Fury  
  37  7:15  Gateway  
  37  7:19  Gateway  
  37  7:25  Gateway  
  37  7:31  Gateway  
  37  7:37  Stalker  
  39  8:01  Stalker x3  
  45  8:15  Dark Templar  
  45  8:16  Dark Templar  
  49  8:32  Forge  
  49  8:33  Forge  
  49  8:39  Probe (Chrono Boost)  
  51  8:43  Probe (Chrono Boost)  
  51  8:44  Dark Templar Blink  
  44  9:20  Stalker x2  
  44  9:21  Stalker  
  50  9:38  Protoss Ground Weapons Level 1  
  48  9:46  Photon Cannon  
  48  9:53  Probe (Chrono Boost)  
  48  9:57  Probe (Chrono Boost)  
  50  10:04  Probe (Chrono Boost)  
  50  10:06  Photon Cannon  
  52  10:14  Probe (Chrono Boost)  
  52  10:40  Dark Templar x4  
  60  11:13  Probe (Chrono Boost)  
  60  11:15  Mind Control  
  60  11:18  Probe (Chrono Boost)  
  62  11:25  Probe (Chrono Boost)  
  64  11:30  Protoss Ground Armor Level 1  
  64  11:35  Probe (Chrono Boost)  
  64  11:37  Probe (Chrono Boost)  
  65  11:48  Dark Templar x3  
  65  11:49  Probe (Chrono Boost), Protoss Ground Weapons Level 2  
  73  11:52  Probe (Chrono Boost)  
  71  12:08  Probe (Chrono Boost)  
  66  12:20  Dark Archon x3  
  78  12:43  Argus Crystal  
  78  13:10  Dark Archon x2  
  78  13:11  Dark Archon  
  90  13:34  Dark Pylon  
  90  13:58  Dark Archon x3  
  102  14:07  Probe (Chrono Boost)  
  103  14:15  Dark Archon  
  105  14:48  Dark Templar x3  
  105  14:49  Dark Templar  
  109  15:17  Stargate  
  79  15:52  Dark Pylon  
  79  16:01  Dark Archon  
  79  16:04  Dark Templar x3  
  79  16:06  Centurion x2, Oracle  
  79  16:07  Centurion x4  
  101  16:16  Shadow Charge  
  104  16:52  Centurion x2  
  108  17:10  Centurion x3  
  108  17:11  Centurion x2  
  108  17:18  Pylon  
  118  17:23  Pylon  
  118  17:27  Pylon  
  118  17:29  Pylon  
  118  17:31  Pylon x2  
  118  17:33  Pylon  
  118  17:46  Protoss Ground Weapons Level 3  
  111  17:53  Pylon x2  
  111  17:56  Pylon  
  107  18:05  Protoss Shields Level 1  
  107  18:17  Dark Archon  
  107  18:18  Dark Archon x2  
  119  18:22  Centurion x3  
  119  18:23  Centurion x3  
  119  18:24  Centurion  
  133  19:34  Dark Pylon  
  133  19:43  Centurion x4  
  133  19:48  Protoss Ground Armor Level 2  
  139  20:11  Dark Archon x2  
  143  20:45  Dark Pylon  
  139  21:01  Dark Templar x4  
  145  21:32  Dark Templar x2  
  149  21:56  Dark Pylon  
  137  22:14  Stalker  
  137  22:15  Stalker x4  
  131  22:29  Centurion x3  
  139  23:17  Protoss Shields Level 2  
  139  23:18  Dark Pylon  
  135  23:58  Dark Templar  
  135  23:59  Dark Templar x5  
  145  24:00  Dark Templar x4  
  137  24:12  Void Stasis  
  133  24:31  Dark Pylon  
  127  25:41  Dark Archon x2  
  127  25:44  Centurion x4  
  127  25:45  Centurion x4  
  149  26:11  Dark Pylon  
  149  26:17  Centurion  
  149  26:18  Centurion x4  
  149  26:19  Centurion x3  
  153  26:44  Dark Archon x2  
  161  26:59  Dark Templar x4  
  167  27:00  Centurion  
  167  27:01  Centurion x3  
Tags
 
League
Master
Matchup
Co-op
Replay Pack
Multiplayer
Add a new tag
Caveats
  • Supply blocks, unpowered buildings, or Contaminate may cause inaccurate times.
  • Supply counts are checked every 10 seconds.